 Dungeon Crawl Stone Soup version 0.30-a0-622-gddc90eaa04 (webtiles) character file.

Game seed: 16945281031224279631

55 hikkokomori the Shield-Bearer (level 3, -4/24 HPs)
             Began as a Gargoyle Fighter on Jan 11, 2023.
             Slain by a worm (5 damage)
             ... on level 3 of the Dungeon.
             The game lasted 00:01:38 (1137 turns).

hikkokomori the Shield-Bearer (Gargoyle Fighter)    Turns: 1137, Time: 00:01:38

Health: -4/24      AC: 10    Str: 27    XL:     3   Next: 93%
Magic:  3/3        EV:  9    Int:  8    God:
Gold:   197        SH:  0    Dex:  9    Spells: 2/2 levels left

rFire   . . .      SeeInvis .    a - +0 war axe
rCold   . . .      Faith    +    c - +0 buckler
rNeg    + . .      Spirit   .    b - +0 scale mail
rPois   ∞          Reflect  .    (no helmet)
rElec   +          Harm     .    (no cloak)
rCorr   .          Rampage  .    (no gloves)
Will    .....                    (no boots) Stlth
                                 r - amulet of faith
HPRegen 0.24/turn                f - +4 ring of slaying
MPRegen 0.08/turn                g - +6 ring of strength

@: confused
A: sickness immunity, AC +3, negative energy resistance 1, electricity
resistance, torment resistance 1, petrification resistance
a: no special abilities


You were on level 3 of the Dungeon.
You visited 1 branch of the dungeon, and saw 3 of its levels.

You collected 197 gold pieces.

Inventory:

Hand Weapons
 a - a +0 war axe (weapon)
Armour
 b - a +0 scale mail (worn)
 c - a +0 buckler (worn)
Jewellery
 f - a +4 ring of slaying (left hand)
 g - a +6 ring of strength (right hand)
 h - a +6 ring of strength
 r - an amulet of faith (around neck)
 t - a +4 ring of protection
Scrolls
 k - 2 scrolls of noise {unknown}
 n - 2 scrolls of amnesia {unknown}
 o - a scroll of magic mapping {unknown}
 p - 3 scrolls of identify {unknown}
Potions
 d - 2 potions of might
 e - a potion of flight {unknown}
 i - a potion of berserk rage {unknown}
 j - a potion of haste {unknown}
 l - 2 potions of lignification {unknown}
 m - 2 potions of brilliance {unknown}
 q - a potion of degeneration {unknown}
 s - a potion of heal wounds {unknown}


   Skills:
 + Level 3.8 Fighting
 + Level 2.3 Axes
 + Level 3.8 Armour
 + Level 3.8 Shields
 + Level 0.1 Spellcasting


You had 2 spell levels left.
You didn't know any spells.
Your spell library contained the following spells:

 Spells                   Type           Power      Damage    Failure   Level
 Slow                     Hex            0%         N/A       77%         1
 Confusing Touch          Hex            0%         N/A       98%         3
 Vampiric Draining        Necr           0%         2d6       98%         3
 Vhi's Electric Charge    Tloc/Air       0%         N/A       98%         3
 Arcjolt                  Conj/Air       0%         1d10      100%        5
 Maxwell's Capacitive Co  Air            0%         ∞         100%        8


Dungeon Overview and Level Annotations

Branches:
Dungeon (3/15)

Altars:

Annotations:
D:3 Terence


Innate Abilities, Weirdness & Mutations

You are immune to sickness and miasma.
Your stone body is resilient. (AC +3)
You are immune to poison.
You resist negative energy. (rN+)
You are resistant to electric shocks. (rElec)
You are resistant to unholy torment.
You are immune to petrification.


Message History

You are too injured to fight recklessly!
You are too injured to fight recklessly!
You are too injured to fight recklessly!
You are too injured to fight recklessly!
You are too injured to fight recklessly!
You are too injured to fight recklessly!
You are too injured to fight recklessly!
You are too injured to fight recklessly!
You are too injured to fight recklessly!
You are too injured to fight recklessly!
You are too injured to fight recklessly!
You are too injured to fight recklessly!
You are too injured to fight recklessly!
You are too injured to fight recklessly!
You miss something. You completely miss the worm. You barely miss something.
The worm bites you.
* * * LOW HITPOINT WARNING * * *
You hear some strange, mumbled words.
You are confused.
Something hits you.
* * * LOW HITPOINT WARNING * * *
Unknown command.
Something hits you but does no damage.
Okay, then.
Okay, then.
You nearly stumble into some lava!
Something hits you but does no damage.
You hear some strange, mumbled words.
You are more confused.
Something hits you but does no damage. Something hits you but does no damage.
You miss something. You hit the worm. Something hits you.
* * * LOW HITPOINT WARNING * * *
The worm barely misses you.
You slash something!
Reactivating autopickup.
You feel a bit more experienced.
You barely miss the worm. Something hits you.
* * * LOW HITPOINT WARNING * * *
Deactivating autopickup; reactivate with Ctrl-A.
The worm bites you.
You die...

#.....# #....#....####..
......# #...............
......#######...........<...
.#.####....................#
....###....................#
.#....#.....................
.#..............#))).......#
.####...........#).........#
## ######......@w..........
#........≈≈≈§$.PPPP
#..................
#.......###########
#.......# ##.#.##.# #.#.#..#
#.#>..## #.#.###


You could see a worm.

Vanquished Creatures
  An orc wizard (D:3)
  A worm (D:2)
  A dart slug (D:1)
  3 orcs (D:3)
  A ball python (D:2)
  2 bats (D:1)
  6 endoplasms (D:2)
  A giant cockroach (D:3)
  5 goblins
  3 hobgoblins
  7 jackals (D:2)
  3 kobolds (D:2)
  4 frilled lizards
  4 rats
42 creatures vanquished.

Notes
Turn   | Place    | Note
-------+----------+-------------------------------------------
     0 | D:1      | hikkokomori the Gargoyle Fighter began the quest for the
                  | Orb.
     0 | D:1      | Reached XP level 1. HP: 14/14 MP: 1/1
   131 | D:1      | Reached XP level 2. HP: 19/19 MP: 2/2
   604 | D:2      | Reached XP level 3. HP: 23/23 MP: 3/3
  1117 | D:3      | Noticed Terence
  1137 | D:3      | HP: 1/24 [something (3)]
  1137 | D:3      | Slain by a worm

Illustrated notes

Levels and vault maps discovered:
D:1:      kennysheep_arrival_forest, layout_basic
D:2:      layout_rooms
D:3:      layout_basic, mainiacjoe_overflow_boulevard,
          amcnicky_mini_rare_corridor_liquid, minmay_cut_off,
          uniq_crazy_yiuf_cottage, uniq_terence

Skill      XL: |  1  2 |
---------------+-------+-----
Axes           | 2 |  2.3
Fighting       | |  3.8
Armour         | |  3.8
Shields        | |  3.8
Spellcasting   | |  0.1

Action                   || total
-------------------------++-------
Melee: War axe           ||   103
Armor: Scale mail        ||    69
Dodge: Dodged            ||    60
Block: Buckler           ||    29

Table legend: (Time is in decaauts)
 A = Elapsed time spent in this place.
 B = Non-inter-level travel time spent in this place.
 C = Inter-level travel time spent in this place.
 D = Time resting spent in this place.
 E = Time spent auto-exploring this place.
 F = Levels seen in this place.
 G = Mean time per level.
                   A        B        C        D        E       F      G
               +--------+--------+--------+--------+--------+-----+--------+
         Total |   1180 |   1149 |     31 |      0 |    871 |   3 |  393.3 |
       Dungeon |   1180 |   1149 |     31 |      0 |    871 |   3 |  393.3 |
               +--------+--------+--------+--------+--------+-----+--------+

Top non-repeatable levels by time:
     D:1: 526 daAuts
     D:2: 503 daAuts
     D:3: 150 daAuts
